 Dungeon Crawl Stone Soup version 0.27-a0-1191-g601b473118 (webtiles) character file.

Game seed: 9819984608644227366

230 bande the Skirmisher (level 6, -5/38 HPs)
             Began as a Gargoyle Fighter on May 25, 2021.
             Slain by a river rat (7 damage)
             ... summoned by Eustachio
             ... on level 4 of the Dungeon.
             The game lasted 00:06:17 (3037 turns).

bande the Skirmisher (Gargoyle Fighter)             Turns: 3037, Time: 00:06:18

Health: -5/38      AC: 13    Str: 20    XL:     6   Next: 3%
Magic:  6/6        EV:  7    Int:  9    God:
Gold:   192        SH:  9    Dex: 10    Spells: 5/5 levels left

rFire    . . .     SeeInvis .   a - +0 war axe
rCold    . . .     Faith    .   c - +0 kite shield
rNeg     + . .     Spirit   .   b - +0 scale mail
rPois    ∞         Reflect  .   j - +0 helmet
rElec    +         Harm     .   (no cloak)
rCorr    .         Rampage  .   (no gloves)
Will     .....                  g - +0 pair of boots
Stlth    ..........             (no amulet)
HPRegen  0.12/turn              (no ring)
MPRegen  0.10/turn              (no ring)

@: mighty
A: sickness immunity, AC +4, negative energy resistance 1, electricity
resistance, torment resistance 1, petrification resistance, wild magic 1
a: no special abilities


You were on level 4 of the Dungeon.
You visited 1 branch of the dungeon, and saw 4 of its levels.

You collected 192 gold pieces.

Inventory:

Hand Weapons
 a - a +0 war axe (weapon)
Armour
 b - a +0 scale mail (worn)
 c - a +0 kite shield (worn)
 g - a +0 pair of boots (worn)
 j - a +0 helmet (worn)
Scrolls
 h - a scroll of amnesia {unknown}
 i - 2 scrolls of identify
 k - a scroll of fog {unknown}
Potions
 e - 3 potions of curing
 f - a potion of invisibility


   Skills:
 + Level 4.1 Fighting
 + Level 3.9 Axes
 + Level 4.1 Armour
 + Level 1.0 Dodging
 + Level 4.1 Shields


You had 5 spell levels left.
You didn't know any spells.
Your spell library contained the following spells:

 Spells                   Type           Power      Damage    Failure   Level
 Beastly Appendage        Tmut           0%         N/A       99%         1
 Wereblood                Tmut           0%         N/A       100%        2
 Confusing Touch          Hex            0%         N/A       100%        3
 Gell's Gravitas          Tloc           0%         N/A       100%        3
 Spider Form              Tmut/Pois      0%         N/A       100%        3
 Ice Form                 Ice/Tmut       0%         N/A       100%        4
 Petrify                  Tmut/Erth      0%         N/A       100%        4
 Hydra Form               Tmut           0%         N/A       100%        5
 Metabolic Englaciation   Hex/Ice        0%         N/A       100%        5
 Yara's Violent Unravell  Hex/Tmut       0%         3d3       100%        5


Dungeon Overview and Level Annotations

Branches:
Dungeon (4/15)
 Temple: D:4-7

Altars:
The Shining One

Annotations:
D:4 Eustachio


Innate Abilities, Weirdness & Mutations

You are immune to sickness and miasma.
Your stone body is resilient. (AC +4)
You are immune to poison.
You resist negative energy. (rN+)
You are resistant to electric shocks. (rElec)
You are resistant to unholy torment.
You are immune to petrification.
Your spells are a little harder to cast, but a little more powerful.


Message History

You hit the orc.
You kill the orc!
You closely miss the shadow imp. You closely miss the crimson imp.
You block the orc's attack.
The shadow imp hits you but does no damage.
The crimson imp blinks!
You block the orc's attack.
Unknown command.
The orc hits you but does no damage.
Items here: )) [ †.
Eustachio gestures wildly while chanting.
The orc closely misses you.
Found 23 stones and 18 gold pieces.
You closely miss the shadow imp.
The shadow imp is severely wounded.
You slash the orc!
You kill the orc!
Eustachio casts a spell.
Eustachio blinks!
The shadow imp barely misses you.
The crimson imp blinks!
The shadow imp gestures at you.
You are unaffected.
You hit the shadow imp.
You kill the shadow imp!
You block the river rat's attack.
Unknown command.
You hit the river rat.
The river rat is lightly wounded.
Eustachio says, "Summoning is fun!"
The river rat bites you.
* * * LOW HITPOINT WARNING * * *
You block the quokka's attack.
You barely miss the river rat.
The river rat is lightly wounded.
You hit the quokka.
The quokka bites you but does no damage.
The river rat bites you.
* * * LOW HITPOINT WARNING * * *
The quokka bites you.
* * * LOW HITPOINT WARNING * * *
The river rat bites you!
You die...

...# . ....
.#### ..... ...#
..... ...#
......##..####
......#..#...###
.......)r#.....#
.......@r5@...#
......#####<.##
..... #....#
(... ##..## ...
#?.# $. ##.. .
... ..# .##


You could see Eustachio, a crimson imp (summoned), a river rat (summoned) and a
quokka (summoned).

Vanquished Creatures
  A hound (D:3)
  A jelly (D:4)
  Natasha (D:2)
  Robin (D:2)
  4 adders
  A shadow imp (D:3)
  3 worms
  A dart slug (D:1)
  5 orcs (D:4)
  4 endoplasms
  3 giant cockroaches
  12 goblins
  8 hobgoblins
  7 jackals
  2 quokkas
  7 ball pythons
  4 bats
  2 frilled lizards
  5 kobolds
  3 rats
75 creatures vanquished.

Notes
Turn   | Place    | Note
-------+----------+-------------------------------------------
     0 | D:1      | bande the Gargoyle Fighter began the quest for the Orb.
     0 | D:1      | Reached XP level 1. HP: 14/14 MP: 1/1
   258 | D:1      | Reached XP level 2. HP: 17/19 MP: 2/2
   944 | D:1      | Reached XP level 3. HP: 14/24 MP: 3/3
  1343 | D:2      | Reached XP level 4. HP: 29/29 MP: 4/4
  1418 | D:2      | Noticed Robin
  1433 | D:2      | Killed Robin
  1632 | D:2      | Found a faded altar of an unknown god.
  1735 | D:2      | Noticed Natasha
  1743 | D:2      | Killed Natasha
  1920 | D:2      | Reached XP level 5. HP: 22/33 MP: 5/5
  2264 | D:3      | Gained mutation: You have sharp fingernails. [potion of
                  | mutation]
  2264 | D:3      | Gained mutation: You have an increased reservoir of magic.
                  | (+10% MP) [potion of mutation]
  2265 | D:3      | Lost mutation: You have an increased reservoir of magic.
                  | (+10% MP) [potion of mutation]
  2265 | D:3      | Lost mutation: You have sharp fingernails. [potion of
                  | mutation]
  2265 | D:3      | Gained mutation: Your spells are a little harder to cast,
                  | but a little more powerful. [potion of mutation]
  2276 | D:3      | Found a glowing golden altar of the Shining One.
  3014 | D:4      | Noticed Eustachio
  3022 | D:4      | Reached skill level 1 in Dodging
  3025 | D:4      | Reached XP level 6. HP: 9/38 MP: 6/6
  3037 | D:4      | Slain by a river rat

Illustrated notes

Levels and vault maps discovered:
D:1:      dpeg_arrival_lava_temple_mockup, layout_basic
D:2:      layout_rooms, hellmonk_ecumenical_altar_run_dry, uniq_natasha,
          uniq_robin
D:3:      layout_basic, lemuel_doored_altar, grunt_ministairs_1,
          minmay_misc_feat_enclosed
D:4:      layout_cave_pools, uniq_duvessa, uniq_eustachio, uniq_pikel

Skill      XL: |  1  2  3  4  5 |
---------------+----------------+-----
Axes           | 2 3 |  3.9
Fighting       | 4 |  4.1
Armour         | 4 |  4.1
Dodging        | 1 |  1.0
Shields        | 4 |  4.1

Action                   |  1- 3 |  4- 6 || total
-------------------------+-------+-------++-------
Melee: War axe           |    87 |   129 ||   216
  Use: Scroll            |     2 |     3 ||     5
       Potion            |       |     5 ||     5
Armor: Scale mail        |    55 |   113 ||   168
Dodge: Dodged            |    38 |    51 ||    89
Block: Kite shield       |    62 |    88 ||   150

Table legend: (Time is in decaauts)
 A = Elapsed time spent in this place.
 B = Non-inter-level travel time spent in this place.
 C = Inter-level travel time spent in this place.
 D = Time resting spent in this place.
 E = Time spent auto-exploring this place.
 F = Levels seen in this place.
 G = Mean time per level.
                   A        B        C        D        E       F      G
               +--------+--------+--------+--------+--------+-----+--------+
         Total |   3178 |   3151 |     27 |    235 |   2288 |   4 |  794.5 |
       Dungeon |   3178 |   3151 |     27 |    235 |   2288 |   4 |  794.5 |
               +--------+--------+--------+--------+--------+-----+--------+

Top non-repeatable levels by time:
     D:1: 1101 daAuts
     D:3: 1028 daAuts
     D:2: 1011 daAuts
     D:4: 36 daAuts
